Map: Catalyst LE

Players

YoGo

  • Race: Zerg Zerg
  • Spawn Location: 5:00

NXZ - Winner!

  • Race: Zerg Zerg
  • Spawn Location: 11:00

Event: WCS Valencia 2018

VOD

Have the link to the VOD?

Description

Time

  • Played on: July 12, 2018, 7:11 a.m.
  • Length: 7:41

All games in this series

Show
View Real Time Build Order
Export as new Build Order

YoGo Zerg 

Build Orders: Pool First 

Get SALT Encoding   

  12  0:18  Spawning Pool  
  11  0:22  Drone  
  11  0:28  Drone  
  13  0:31  Drone  
  14  0:42  Overlord  
  14  1:05  Zergling x4  
  14  1:06  Zergling x2  
  17  1:16  Hatchery  
  16  1:20  Zergling x2  
  17  1:30  Zergling x2  
  18  1:34  Queen  
  21  1:40  Zergling x2  
  21  1:49  Overlord  
  21  2:00  Drone  
  22  2:10  Queen  
  22  2:11  Drone  
  25  2:29  Drone x2  
  26  2:31  Drone  
  26  2:34  Queen  
  27  2:42  Drone x2  
  29  2:45  Drone  
  29  2:46  Drone  
  31  2:53  Overlord  
  31  2:55  Drone  
  31  2:58  Drone  
  33  3:04  Spine Crawler  
  32  3:13  Queen  
  32  3:17  Drone x2  
  34  3:20  Drone  
  34  3:26  Drone x2  
  36  3:28  Drone, Evolution Chamber  
  36  3:32  Drone  
  36  3:33  Drone  
  38  3:39  Overlord  
  38  3:42  Drone x2  
  38  3:47  Drone x2  
  42  3:55  Extractor  
  42  3:57  Extractor  
  42  3:58  Roach Warren  
  42  3:59  Extractor  
  38  4:03  Drone x2  
  38  4:04  Drone  
  38  4:05  Evolution Chamber  
  38  4:06  Drone  
  41  4:12  Drone x2  
  41  4:13  Drone  
  41  4:15  Drone  
  45  4:22  Drone x2  
  45  4:23  Drone  
  48  4:33  Drone  
  48  4:35  Drone  
  48  4:36  Lair  
  48  4:38  Overlord  
  50  4:40  Overlord  
  50  4:46  Zerg Missile Weapons Level 1  
  50  4:51  Roach  
  52  4:56  Roach  
  52  4:57  Roach x2  
  58  5:02  Roach  
  58  5:12  Roach x3  
  64  5:16  Hatchery, Zergling x2  
  64  5:19  Ravager  
  64  5:22  Roach x2  
  64  5:23  Overlord  
  64  5:26  Overlord  
  68  5:33  Glial Reconstitution  
  68  5:34  Overseer  
  68  5:37  Overlord x2  
  68  5:44  Roach x3  
  74  5:50  Overlord  
  74  5:55  Roach x3  
  80  6:01  Roach x2  
  84  6:10  Drone x5  
  84  6:11  Drone  
  89  6:16  Drone  
  90  6:19  Drone  
  90  6:24  Extractor  
  90  6:29  Drone x3  
  93  6:37  Roach x6  
  103  6:42  Roach  
  103  6:45  Roach  
  103  6:48  Roach  
  103  6:50  Roach  
  99  6:54  Roach  
  99  7:00  Roach x2  
  97  7:04  Roach x2  
  97  7:05  Roach x2  
  97  7:06  Roach  
  93  7:09  Roach  
  91  7:17  Roach x3  
  91  7:21  Roach  
Show
View Real Time Build Order
Export as new Build Order

NXZ Zerg - Winner!

Build Orders: Pool First 

Get SALT Encoding   

  12  0:00  Drone  
  13  0:08  Drone  
  14  0:16  Overlord  
  14  0:22  Extractor  
  14  0:24  Drone  
  15  0:35  Drone x2  
  17  0:42  Extractor  
  16  0:44  Drone  
  17  0:50  Spawning Pool  
  17  0:54  Drone  
  17  1:05  Drone  
  18  1:20  Hatchery  
  18  1:23  Drone  
  18  1:37  Queen  
  18  1:39  Zergling x2  
  21  1:45  Metabolic Boost  
  21  1:51  Overlord  
  21  1:55  Zergling x2  
  22  2:11  Zergling x4  
  24  2:22  Zergling x2  
  24  2:33  Queen  
  24  2:39  Drone  
  24  2:42  Drone  
  26  2:47  Drone x2  
  26  2:50  Drone  
  29  2:53  Drone  
  29  2:56  Drone  
  31  3:00  Drone  
  31  3:02  Drone  
  31  3:04  Drone  
  34  3:09  Overlord  
  34  3:15  Drone  
  35  3:21  Drone  
  35  3:30  Drone  
  35  3:33  Drone  
  37  3:34  Hatchery, Drone  
  37  3:36  Drone  
  37  3:39  Drone  
  39  3:41  Drone  
  39  3:44  Drone  
  39  3:46  Drone  
  39  3:47  Drone  
  43  3:50  Overlord  
  43  3:57  Evolution Chamber  
  43  3:59  Lair  
  43  4:01  Drone  
  43  4:07  Roach Warren  
  43  4:09  Drone x2  
  44  4:13  Drone x2  
  44  4:15  Extractor  
  44  4:16  Extractor, Drone  
  45  4:18  Drone  
  45  4:23  Drone x3  
  49  4:25  Drone  
  49  4:27  Drone  
  49  4:29  Overlord  
  51  4:34  Zerg Missile Weapons Level 1  
  51  4:44  Overlord  
  51  4:46  Queen  
  51  4:50  Drone x4  
  57  4:53  Overlord  
  57  4:57  Roach x2  
  57  4:59  Glial Reconstitution  
  61  5:03  Roach  
  61  5:05  Roach  
  65  5:09  Roach  
  65  5:12  Roach x2  
  71  5:15  Roach  
  71  5:17  Roach  
  71  5:20  Roach  
  77  5:26  Roach  
  77  5:27  Roach  
  81  5:31  Overlord x3  
  81  5:35  Overlord, Extractor  
  79  5:44  Drone x2  
  79  5:47  Unknown  
  81  5:54  Drone x3  
  86  5:57  Roach x4  
  86  5:58  Roach x5  
  86  6:00  Roach  
  86  6:03  Overlord  
  104  6:07  Roach x2  
  104  6:11  Roach x2  
  112  6:13  Overlord  
  112  6:22  Roach x4  
  112  6:24  Overlord  
  120  6:39  Roach  
  122  6:40  Roach x3  
  128  6:47  Roach  
  128  6:48  Roach x3  
  136  7:00  Roach x4  
  137  7:05  Roach  
  137  7:07  Roach  
  131  7:10  Roach  
  131  7:12  Roach  
  131  7:15  Extractor  
  134  7:16  Drone x3  
  134  7:19  Overlord x3  
  135  7:29  Hatchery  
Tags
 
Add a new tag
Caveats
  • Supply blocks, unpowered buildings, or Contaminate may cause inaccurate times.
  • Supply counts are checked every 10 seconds.